 Dungeon Crawl Stone Soup version 0.32-a0-933-ga8fa3634e4 (webtiles) character file.

Game seed: 15914967223288453456

2289 Alarak the Arsonist (level 9, -5/70 HPs)
             Began as a Mountain Dwarf Reaver on Apr 14, 2024.
             Was a Believer of Ashenzari.
             Drowned by a water elemental (14 damage)
             ... on level 8 of the Dungeon.
             The game lasted 00:21:52 (6124 turns).

Alarak the Arsonist (Mountain Dwarf Reaver)         Turns: 6124, Time: 00:21:53

Health: -5/70      AC: 14    Str: 17    XL:     9   Next: 17%
Magic:  14/14      EV:  8    Int: 22    God:    Ashenzari [**....]
Gold:   1693       SH:  0    Dex:  8    Spells: 11/15 levels left

rFire   . . .        b - +0 war axe (heavy)
rCold   . . .        (no shield)
rNeg    . . .        m - +4 scale mail
rPois   .            (no helmet)
rElec   .            D - +0 cloak of Ashenzari's Visionary {Elem, Fort} (curse)
rCorr   .            c - +1 pair of gloves of the Bound Disgust {Sorc, Self} (curse)
SInv    +            (no boots)
Will    .....        (no amulet) Stlth
                     h - ring of Ashenzari's Moon {Int+6, Self, Bglg} (curse)
HPRegen 0.31/turn    o - ring "Enigmatic Secrets" {Wiz, Elem, Dev} (curse)
MPRegen 0.14/turn

%: wizardry (x1)
@: engulfed (cannot breathe)
A: runic magic, artefact enchanting, shaggy fur 1, wild magic 1
a: Renounce Religion, Shatter the Chains


You were on level 8 of the Dungeon.
You worshipped Ashenzari.
Ashenzari was pleased with you.
You visited 1 branch of the dungeon, and saw 8 of its levels.

You collected 1693 gold pieces.

Inventory:

Hand Weapons
 b - a +0 heavy war axe (weapon)
 C - a +0 battleaxe
Armour
 c - the cursed +1 pair of gloves of the Bound Disgust (worn) {Sorc, Self}
   (You found it on level 1 of the Dungeon)

   It has a curse which improves the following skills: Sorcery: Conjurations and
   Alchemy.
   Introspection: Fighting and Spellcasting.
 j - a +0 plate armour
 m - a +4 scale mail (worn)
 D - the cursed +0 cloak of Ashenzari's Visionary (worn) {Elem, Fort}
   (You found it on level 7 of the Dungeon)

   It has a curse which improves the following skills: Elements: Fire Magic, Ice
   Magic, Air Magic and Earth Magic.
   Fortitude: Armour and Shields.
Magical Staves
 p - a staff of fire
 v - a staff of death
Jewellery
 h - the cursed ring of Ashenzari's Moon (left hand) {Int+6, Self, Bglg}
   (You found it on level 2 of the Dungeon)

   [ring of intelligence]

   Int+6:     It affects your intelligence (+6).
   It has a curse which improves the following skills: Introspection: Fighting
   and Spellcasting.
   Beguiling: Hexes and Translocations.
 l - a ring of protection from fire
 o - the cursed ring "Enigmatic Secrets" (right hand) {Wiz, Elem, Dev}
   (You found it on level 4 of the Dungeon)

   [ring of wizardry]

   Wiz:       It improves your spell success rate.
   It has a curse which improves the following skills: Elements: Fire Magic, Ice
   Magic, Air Magic and Earth Magic.
   Devices:   Evocations and Shapeshifting.
 r - a ring of resist corrosion
 B - a +6 ring of strength
Talismans
 k - a blade talisman
Wands
 w - a wand of roots (17)
Scrolls
 e - 2 scrolls of immolation
 n - 3 scrolls of teleportation
 u - a scroll of poison
 y - a scroll of enchant weapon
 E - a scroll of amnesia
Potions
 a - a potion of curing
 d - 2 potions of mutation
 f - a potion of heal wounds
 g - 2 potions of magic
 i - 3 potions of enlightenment
 q - a potion of cancellation
 s - a potion of ambrosia
 t - 2 potions of resistance
 x - a potion of attraction
 z - 3 potions of lignification


   Skills:
 - Level 2.1(3.5) Fighting
 - Level 9.0 Axes
 - Level 1.3 Dodging
 - Level 2.3(3.7) Spellcasting
 - Level 3.1(4.1) Conjurations
 + Level 11.5(13.2) Fire Magic


You had 11 spell levels left.
You knew the following spells:

 Your Spells              Type           Power      Damage    Failure   Level
a - Kiss of Death         Conj/Necr      68%        2d10      4%          1
b - Inner Flame           Hex/Fire       43%        N/A       2%          3

Your spell library contained the following spells:

 Spells                   Type           Power      Damage    Failure   Level
 Magic Dart               Conj           100%       1d8       1%          1
 Sting                    Conj/Alch      68%        1d7       4%          1
 Momentum Strike          Conj/Tloc      34%        3d8       6%          2
 Hailstorm                Conj/Ice       17%        3d6       11%         3
 Blink                    Tloc           12%        N/A       12%         2
 Ensorcelled Hibernation  Hex/Ice        12%        N/A       12%         2
 Mercury Vapours          Alch/Air       12%        N/A       12%         2
 Call Imp                 Summ           10%        N/A       13%         2
 Passwall                 Erth           6%         N/A       22%         3
 Swiftness                Air            6%         N/A       22%         3
 Teleport Other           Tloc           6%         N/A       22%         3
 Olgreb's Toxic Radiance  Alch           6%         N/A       56%         4
 Irradiate                Conj/Alch      8%         3d14      63%         5
 Ignition                 Fire           34%        3d11      88%         8
 Dispersal                Tloc           3%         N/A       100%        6
 Gell's Gavotte           Tloc           3%         2d(12-18) 100%        6


Dungeon Overview and Level Annotations

Branches:
Dungeon (8/15)             Temple (0/1) D:6
   Lair: D:8-11

Altars:
Ashenzari
Xom
Zin


Innate Abilities, Weirdness & Mutations

Your spellcasting is much less encumbered by armour.
You can use scrolls of enchantment on lesser artefacts.
You are covered in fur. (AC +1)
Your spells are a little harder to cast, but a little more powerful.


Message History

The water elemental resists.
The bolt of electricity hits you!
You slash the water elemental!
The water elemental is moderately damaged.
The water elemental barely misses you. The water elemental hits you.
You slice the water elemental!!
The water elemental is severely damaged.
The water elemental hits you.
The water elemental engulfs you in water!
You slice the water elemental!!
You destroy the water elemental!
The water engulfing you falls away.
You gasp with relief as air once again reaches your lungs.
The water elemental closely misses you.
You hit the water elemental.
The water elemental is lightly damaged.
The water elemental barely misses you.
You hit the water elemental but do no damage.
The water elemental is lightly damaged.
The water elemental hits you!
The water elemental engulfs you in water!
The water elemental hits you.
You barely miss the water elemental.
The water elemental is lightly damaged.
Your lungs strain for air!
The water elemental hits you! The water elemental hits you.
You are too injured to fight recklessly!
You are too injured to fight recklessly!
You slice the water elemental!!
The water elemental is heavily damaged.
Your lungs strain for air!
The water elemental hits you.
You completely miss the water elemental.
The water elemental is heavily damaged.
* * * LOW HITPOINT WARNING * * *
Your lungs strain for air!
The water elemental closely misses you. The water elemental hits you.
* * * LOW HITPOINT WARNING * * *
You hit the water elemental.
The water elemental is severely damaged.
You die...

<...#
#.#
#####
#.# #
#.# #
#.# #
#.###
#
#...#
####
###.#
##.##
#.#
....#
#@#
##.##
#E#
#.#
#E#
#.#
#.#
#.#
#.#
##.#
#.#
.#.##
#.#
....##
#.#
.^...#
#.##


You could see 2 water elementals.

Vanquished Creatures
  2 water elementals (D:8)
  A wyvern (D:7)
  A steam dragon (D:7)
  A sky beast (D:6)
  3 black bears
  An orc warrior (D:8)
  2 phantoms
  A kobold brigand (D:7)
  2 scorpions
  2 bombardier beetles (D:7)
  2 hounds
  2 jellies
  A gnoll bouda (D:5)
  2 orc priests
  2 sleepcaps
  Natasha (twice) (D:2)
  4 iguanas
  6 orc wizards
  4 gnolls (D:5)
  6 adders
  A shadow imp (D:6)
  A white imp (D:7)
  A ribbon worm (D:4)
  3 dart slugs
  19 orcs
  6 endoplasms
  2 giant cockroaches
  10 hobgoblins
  2 jackals (D:4)
  11 kobolds
  3 quokkas
  5 ball pythons
  5 bats
  6 frilled lizards
  9 goblins
  6 rats
137 creatures vanquished.

Vanquished Creatures (collateral kills)
  An ogre (D:4)
  An adder (D:4)
  A quokka (D:4)
  A ball python (D:4)
4 creatures vanquished.

Vanquished Creatures (others)
  An orc wizard (D:8)
1 creature vanquished.

Grand Total: 142 creatures vanquished

Notes
Turn   | Place    | Note
-------+----------+-------------------------------------------
     0 | D:1      | Alarak the Mountain Dwarf Reaver began the quest for the
                  | Orb.
     0 | D:1      | Reached XP level 1. HP: 17/17 MP: 3/3
    68 | D:1      | Reached XP level 2. HP: 14/21 MP: 4/4
   135 | D:1      | Found a faded altar of an unknown god.
   135 | D:1      | Noticed a balrug
   152 | D:1      | Prayed at the altar of an unknown god.
   152 | D:1      | Became a worshipper of Ashenzari the Shackled
   436 | D:1      | Reached skill level 5 in Axes
   527 | D:1      | Reached XP level 3. HP: 28/28 MP: 5/5
  1006 | D:2      | Noticed Natasha
  1024 | D:2      | Gained mutation: You are weak. (Str -2) [potion of
                  | mutation]
  1024 | D:2      | Lost mutation: You are weak. (Str -2) [potion of mutation]
  1024 | D:2      | Gained mutation: You are covered in fur. (AC +1) [potion of
                  | mutation]
  1024 | D:2      | Gained mutation: Your spells are a little harder to cast,
                  | but a little more powerful. [potion of mutation]
  1033 | D:2      | Killed Natasha
  1034 | D:2      | Reached XP level 4. HP: 14/37 MP: 7/7
  1161 | D:2      | Noticed Natasha
  1175 | D:2      | Killed Natasha
  1310 | D:2      | You fall into a shaft and drop 1 floor!
  1425 | D:3      | Reached * piety under Ashenzari
  1494 | D:3      | Found a shimmering altar of Xom.
  1495 | D:3      | Found a shimmering altar of Xom.
  1501 | D:3      | Found a shimmering altar of Xom.
  1501 | D:3      | Found a shimmering altar of Xom.
  1501 | D:3      | Found a shimmering altar of Xom.
  1506 | D:3      | Found a shimmering altar of Xom.
  1506 | D:3      | Found a shimmering altar of Xom.
  1558 | D:3      | Identified a scroll of acquirement
  1684 | D:3      | Acquired 1316 gold pieces
  1795 | D:3      | Found a glowing silver altar of Zin.
  1838 | D:3      | Reached XP level 5. HP: 2/45 MP: 9/9
  2462 | D:4      | Noticed an ogre
  2466 | D:4      | Killed an ogre
  2467 | D:4      | Reached XP level 6. HP: 51/51 MP: 10/10
  2763 | D:4      | Reached skill level 1 in Fire Magic
  2763 | D:4      | Reached XP level 7. HP: 57/57 MP: 11/11
  3031 | D:5      | Entered Level 5 of the Dungeon
  3083 | D:5      | Reached skill level 2 in Fire Magic
  3083 | D:5      | Reached ** piety under Ashenzari
  3157 | D:5      | Reached skill level 3 in Fire Magic
  3160 | D:5      | Reached skill level 4 in Fire Magic
  3587 | D:6      | Reached skill level 5 in Fire Magic
  3591 | D:6      | Learned a level 3 spell: Inner Flame
  3649 | D:6      | Reached skill level 6 in Fire Magic
  3758 | D:6      | Reached XP level 8. HP: 57/63 MP: 13/13
  3895 | D:6      | Found a staircase to the Ecumenical Temple.
  3907 | D:6      | Reached skill level 7 in Fire Magic
  4773 | D:7      | Reached skill level 8 in Fire Magic
  4848 | D:7      | Reached skill level 9 in Fire Magic
  5339 | D:7      | Reached skill level 10 in Fire Magic
  5722 | D:8      | Reached XP level 9. HP: 43/70 MP: 14/14
  5925 | D:8      | Noticed a merfolk
  5939 | D:8      | Reached skill level 11 in Fire Magic
  6124 | D:8      | Drowned by a water elemental

Illustrated notes

Levels and vault maps discovered:
D:1:      tarquinn_simple_flora_water_d, layout_rooms,
          dreamdust_ecumenical_altar_sealed_demon
D:2:      layout_rooms, uniq_natasha
D:3:      layout_basic, mainiacjoe_overflow_chevrons, nicolae_xom_altar_mimics,
          minmay_starry_boxes
D:4:      layout_rooms, minmay_misc_feat_tiny
D:5:      layout_cave_pools
D:6:      layout_basic, minmay_temple_entry_tees
D:7:      layout_basic
D:8:      lemuel_ratsnest, layout_loops_ring,
          gammafunk_temple_overflow_elements, nicolae_rank_and_phial

Skill      XL: |  1  2  3  4  5  6  7  8  9 |
---------------+----------------------------+-----
Axes           | 4 5 6 7 9 |  9.0
Conjurations   | 3 |  3.1
Spellcasting   | 2 |  2.3
Fire Magic     | 1 6 10 11 | 11.5
Fighting       | |  2.1
Dodging        | |  1.3

Action                     |  1- 3 |  4- 6 |  7- 9 || total
---------------------------+-------+-------+-------++-------
  Melee: Hand axe          |   147 |   125 |       ||   272
         War axe           |       |    43 |   171 ||   214
   Cast: Kiss of Death     |     1 |       |       ||     1
 Invoke: Curse Item        |     1 |     1 |     2 ||     4
    Use: Potion            |     3 |     4 |     1 ||     8
         Scroll            |     3 |     5 |     1 ||     9
 Armour: Leather armour    |    35 |       |       ||    35
         Chain mail        |    24 |       |       ||    24
         Plate armour      |   112 |    16 |       ||   128
         Scale mail        |       |   173 |   245 ||   418
  Dodge: Dodged            |    60 |   101 |   113 ||   274

Table legend: (Time is in decaauts)
 A = Elapsed time spent in this place.
 B = Non-inter-level travel time spent in this place.
 C = Inter-level travel time spent in this place.
 D = Time resting spent in this place.
 E = Time spent auto-exploring this place.
 F = Levels seen in this place.
 G = Mean time per level.
                   A        B        C        D        E       F      G
               +--------+--------+--------+--------+--------+-----+--------+
         Total |   6235 |   5837 |    398 |    936 |   3784 |   8 |  779.4 |
       Dungeon |   6235 |   5837 |    398 |    936 |   3784 |   8 |  779.4 |
               +--------+--------+--------+--------+--------+-----+--------+

Top non-repeatable levels by time:
     D:6: 1157 daAuts
     D:3: 1028 daAuts
     D:7: 936 daAuts
     D:1: 775 daAuts
     D:2: 647 daAuts
     D:4: 611 daAuts
     D:5: 569 daAuts
     D:8: 510 daAuts
